Map: [ESL] Cosmic Sapphire

Players

Reaper

  • Race: Zerg Zerg
  • Spawn Location: 11:00

Future - Winner!

  • Race: Terran Terran
  • Spawn Location: 5:00

Event: DreamHack SC2 Masters 2022 Atlanta (Online)

VOD

Have the link to the VOD?

Description

Time

  • Played on: Oct. 8, 2022, 4:52 p.m.
  • Length: 9:29

All games in this series

Show
View Real Time Build Order
Export as new Build Order

Reaper Zerg 

Build Orders: Hatch First 

Get SALT Encoding   

  12  0:00  Drone  
  13  0:12  Overlord  
  13  0:17  Drone  
  14  0:30  Drone x2  
  16  0:48  Hatchery  
  15  0:52  Drone  
  15  0:55  Drone  
  17  0:58  Drone  
  18  1:13  Spawning Pool  
  18  1:14  Extractor  
  18  1:16  Drone  
  17  1:20  Drone  
  18  1:28  Drone  
  19  1:39  Drone  
  20  1:49  Overlord  
  20  2:00  Queen x2  
  25  2:01  Zergling x4  
  26  2:14  Drone x2  
  28  2:16  Metabolic Boost  
  28  2:21  Drone  
  29  2:23  Drone  
  30  2:36  Queen x2  
  34  2:45  Overlord  
  34  2:46  Drone  
  34  2:47  Drone  
  36  2:51  Overlord  
  36  3:06  Drone x4  
  40  3:17  Lair  
  40  3:19  Drone x2, Extractor  
  42  3:20  Drone x2  
  42  3:23  Drone x2  
  45  3:27  Drone  
  45  3:30  Baneling Nest  
  45  3:36  Drone x3  
  48  3:47  Drone, Overlord  
  49  3:53  Evolution Chamber  
  47  4:01  Zergling x4  
  48  4:02  Extractor  
  48  4:04  Drone x2, Overlord, Extractor  
  48  4:18  Hatchery  
  48  4:20  Drone x3  
  50  4:27  Spire  
  50  4:30  Drone  
  50  4:31  Drone  
  51  4:34  Drone  
  52  4:39  Overlord  
  52  4:40  Drone  
  52  4:42  Overseer  
  54  4:45  Drone  
  54  4:46  Drone  
  55  4:53  Drone  
  55  4:57  Drone x4  
  60  5:03  Overlord  
  60  5:04  Drone x2  
  62  5:11  Overlord  
  62  5:12  Drone x2  
  64  5:24  Drone x2  
  64  5:27  Overlord  
  65  5:28  Overlord  
  65  5:33  Drone  
  66  5:43  Mutalisk x7  
  66  5:45  Mutalisk  
  66  5:49  Centrifugal Hooks  
  82  5:55  Drone x2  
  84  5:57  Evolution Chamber  
  84  5:59  Drone  
  84  6:00  Drone x2, Evolution Chamber  
  85  6:04  Drone x2  
  85  6:06  Drone  
  88  6:14  Drone  
  88  6:15  Drone  
  88  6:16  Drone  
  91  6:18  Extractor  
  91  6:19  Extractor  
  91  6:21  Drone  
  91  6:24  Drone x4  
  94  6:32  Hatchery  
  94  6:33  Overlord  
  94  6:34  Mutalisk x2  
  94  6:35  Overlord  
  97  6:41  Overlord  
  97  6:43  Overlord  
  97  6:45  Zerg Ground Armor Level 1, Zerg Melee Weapons Level 1  
  97  6:52  Mutalisk x2  
  97  6:54  Drone x5  
  106  6:58  Mutalisk  
  106  6:59  Overlord  
  108  7:01  Zerg Flyer Weapons Level 1  
  108  7:03  Zergling x6  
  108  7:07  Mutalisk  
  113  7:11  Zergling x4  
  113  7:14  Zergling x2  
  113  7:15  Mutalisk  
  118  7:18  Zergling x6  
  118  7:19  Zergling x2  
  118  7:22  Zergling x2  
  123  7:26  Mutalisk, Overlord  
  123  7:27  Mutalisk  
  127  7:32  Baneling x5  
  127  7:33  Zergling x8  
  131  7:38  Overlord  
  131  7:41  Mutalisk  
  133  7:48  Mutalisk  
  133  7:50  Zergling x2  
  133  7:51  Zergling x14  
  143  7:57  Overlord  
  141  7:59  Mutalisk  
  141  8:04  Baneling x7  
  141  8:05  Zergling x4, Baneling x2  
  146  8:12  Zergling x2  
  146  8:13  Zergling x12  
  146  8:19  Overlord  
  152  8:20  Zergling x10  
  152  8:24  Hatchery  
  152  8:38  Mutalisk x5  
  152  8:39  Overlord x2  
  152  8:40  Mutalisk  
  160  8:41  Zergling x6  
  160  8:44  Overlord  
  163  8:49  Mutalisk  
  163  8:51  Zergling x2  
  163  8:52  Zergling x2, Hatchery  
  163  8:55  Overlord  
  165  8:59  Baneling x7  
  165  9:00  Zergling x4  
  165  9:01  Zergling x2  
  157  9:09  Zergling x2  
  127  9:11  Baneling x5  
Show
View Real Time Build Order
Export as new Build Order

Future Terran - Winner!

Build Orders: Reaper Expand 

Get SALT Encoding   

  12  0:00  SCV  
  13  0:12  SCV  
  14  0:17  Supply Depot  
  14  0:24  SCV  
  15  0:38  SCV  
  15  0:39  Barracks  
  16  0:43  Refinery  
  16  0:50  SCV  
  17  1:02  SCV  
  18  1:15  SCV  
  19  1:26  Reaper  
  19  1:27  Orbital Command  
  20  1:40  Command Center  
  20  1:52  SCV  
  20  1:53  Supply Depot  
  21  1:58  Marine  
  22  2:04  SCV  
  23  2:09  Factory  
  23  2:16  SCV  
  23  2:19  Barracks Reactor  
  23  2:20  Refinery  
  24  2:28  SCV  
  25  2:40  SCV  
  26  2:52  Orbital Command  
  26  2:53  SCV  
  26  2:56  Starport  
  27  3:05  SCV  
  28  3:07  Hellion  
  28  3:08  Hellion  
  28  3:09  Barracks Tech Lab  
  32  3:17  SCV x2  
  34  3:29  SCV x2  
  34  3:32  Supply Depot  
  36  3:34  Viking  
  36  3:39  Siege Tank, Marine x2  
  44  3:41  SCV x2  
  45  3:53  SCV  
  45  3:54  SCV  
  47  3:59  Marine x2  
  44  4:05  SCV  
  44  4:06  Supply Depot, Command Center  
  44  4:07  SCV  
  46  4:17  SCV  
  46  4:19  SCV  
  46  4:21  Barracks  
  46  4:23  Factory Reactor  
  48  4:26  Barracks  
  48  4:29  SCV, Stimpack, Marine  
  50  4:31  SCV  
  50  4:35  Engineering Bay  
  50  4:37  Engineering Bay  
  51  4:41  Starport Tech Lab  
  51  4:42  SCV  
  51  4:43  SCV  
  53  4:47  Supply Depot, Marine  
  54  4:54  SCV  
  54  4:55  Refinery  
  54  4:56  SCV  
  56  5:01  Refinery  
  56  5:04  Terran Infantry Armor Level 1, Terran Infantry Weapons Level 1  
  56  5:05  Marine  
  56  5:06  SCV  
  58  5:08  SCV, Marine  
  58  5:09  Starport Reactor, Marine  
  61  5:18  SCV, Siege Tank  
  61  5:19  Marine  
  61  5:20  SCV, Orbital Command  
  67  5:29  Marine x3  
  67  5:30  SCV, Marine  
  67  5:32  SCV  
  73  5:36  Supply Depot  
  73  5:37  Supply Depot, Marine  
  74  5:43  Orbital Command  
  74  5:44  SCV  
  74  5:45  SCV  
  74  5:47  Marine  
  74  5:49  Marine x3  
  80  5:54  Missile Turret  
  80  5:55  Missile Turret, Marine  
  80  5:57  SCV x2  
  83  5:58  Siege Tank  
  83  5:59  Missile Turret  
  83  6:01  Medivac  
  83  6:03  Medivac  
  90  6:06  Supply Depot  
  90  6:09  SCV x2  
  90  6:10  SCV  
  93  6:12  Supply Depot, Marine  
  93  6:15  Marine x2  
  93  6:16  Marine x2  
  98  6:19  Combat Shield  
  98  6:21  SCV  
  98  6:22  SCV  
  98  6:23  SCV  
  101  6:30  Armory  
  101  6:31  Supply Depot  
  98  6:33  SCV, Marine x2  
  98  6:35  Marine  
  98  6:37  Marine  
  98  6:38  Marine  
  104  6:40  Siege Tank  
  104  6:43  SCV x2  
  104  6:45  SCV  
  110  6:51  Barracks, Marine  
  110  6:52  Marine  
  110  6:53  Medivac x2  
  112  6:55  Marine  
  112  6:57  Marine x2  
  112  6:58  Barracks  
  115  7:07  Supply Depot  
  115  7:08  Supply Depot  
  115  7:09  Marine  
  115  7:10  Marine  
  115  7:12  Siege Tank  
  115  7:15  Marine x2  
  120  7:21  Marine  
  122  7:27  Marine x2  
  124  7:32  Barracks, Missile Turret  
  124  7:33  Barracks  
  124  7:34  Missile Turret  
  124  7:35  Barracks  
  124  7:36  Supply Depot  
  124  7:39  Marine  
  124  7:41  Barracks Reactor  
  123  7:44  Siege Tank  
  123  7:46  Marine x2  
  123  7:47  Barracks Reactor  
  123  7:50  Marine  
  129  7:54  Marine  
  129  7:56  Medivac  
  129  7:57  Marine  
  133  7:59  Supply Depot  
  133  8:00  Supply Depot  
  133  8:01  Supply Depot  
  133  8:03  Marine  
  133  8:04  Marine  
  135  8:07  Medivac  
  135  8:08  Marine  
  135  8:12  Marine  
  139  8:15  Marine  
  139  8:16  Siege Tank  
  139  8:19  Marine x2  
  144  8:21  Marine x2  
  144  8:22  Marine  
  144  8:23  Marine  
  144  8:26  Marine  
  150  8:32  Marine  
  150  8:33  Marine x4  
  152  8:37  Marine x2  
  152  8:40  Medivac x2  
  152  8:41  Marine x4  
  158  8:44  Marine  
  158  8:46  Supply Depot x2  
  162  8:50  Marine x4  
  162  8:53  Marine  
  162  8:54  Marine  
  162  8:55  Marine  
  168  8:59  Marine  
  168  9:02  Marine  
  173  9:03  Marine  
  173  9:04  Marine x2  
  173  9:08  Marine x4  
  161  9:10  Marine  
Tags
 
Add a new tag
Caveats
  • Supply blocks, unpowered buildings, or Contaminate may cause inaccurate times.
  • Supply counts are checked every 10 seconds.